 Dungeon Crawl Stone Soup version 0.26-a0-1002-g7355149c4d (webtiles) character file.

Game seed: 5158098908502637923

14497 xzight the Arsonist (level 11, -7/64 HPs)
             Began as a Deep Elf Fire Elementalist on Dec 6, 2020.
             Was a Priest of Vehumet.
             Shot with a bolt by a yaktaur captain (29 damage)
             ... on level 11 of the Dungeon.
             The game lasted 01:06:34 (16473 turns).

xzight the Arsonist (Deep Elf Fire Elementalist)   Turns: 16473, Time: 01:06:35

Health: -7/64      AC: 10    Str:  5    XL:     11   Next: 89%
Magic:  7/27       EV: 34    Int: 24    God:    Vehumet [***...]
Gold:   696        SH:  5    Dex: 15    Spells: 7/31 levels left

rFire    + . .     SeeInvis .   h - +0 dagger
rCold    . . .     Faith    .   p - +0 buckler
rNeg     . . .     Spirit   .   J - +0 steam dragon scales
rPois    .         Reflect  .   n - +1 hat
rElec    .         Harm     .   a - +1 cloak {Stlth+}
rCorr    .         Rampage  .   y - +0 pair of gloves
Will     +....                  C - +0 pair of boots
Stlth    ++........             A - amulet of the acrobat
HPRegen  0.20/turn              Z - ring of wizardry
MPRegen  0.20/turn              F - ring of protection from fire

@: acrobat
A: no striking features
a: Renounce Religion


You were on level 11 of the Dungeon.
You worshipped Vehumet.
Vehumet was most pleased with you.
You visited 2 branches of the dungeon, and saw 12 of its levels.

You collected 696 gold pieces.


   Skills:
 + Level 5.3 Fighting
 + Level 9.9 Dodging
 - Level 2.4 Stealth
 + Level 5.1 Shields
 + Level 10.8 Spellcasting
 + Level 8.8 Conjurations
 + Level 11.5 Fire Magic


You had 7 spell levels left.
You knew the following spells:

 Your Spells              Type           Power        Failure   Level
a - Foxfire               Conj/Fire      ####         1%          1
b - Conjure Flame         Conj/Fire      ######..     1%          3
c - Inner Flame           Hex/Fire       #####...     1%          3
d - Fireball              Conj/Fire      ######....   1%          5
s - Searing Ray           Conj           ######       1%          2
t - Static Discharge      Conj/Air       ####....     1%          3
w - Stone Arrow           Conj/Erth      ####..       1%          3
y - Sticky Flame          Conj/Fire      ######..     1%          4

Your spell library contained the following spells:

 Spells                   Type           Power        Failure   Level


Inventory:

Hand Weapons
 h - a +0 dagger (weapon)
Armour
 a - a +1 cloak of stealth (worn)
 c - a +0 kite shield
 n - a +1 hat (worn)
 p - a +0 buckler (worn)
 y - a +0 pair of gloves (worn)
 C - a +0 pair of boots (worn)
 J - +0 steam dragon scales (worn)
Jewellery
 A - an amulet of the acrobat (around neck)
 F - a ring of protection from fire (right hand)
 N - an uncursed ring of positive energy
 Z - a ring of wizardry (left hand)
Wands
 k - a wand of disintegration (9)
 o - a wand of flame (23)
 G - a wand of paralysis (4)
Scrolls
 f - a scroll of immolation {!r}
 g - 2 scrolls of amnesia
 j - 2 scrolls of enchant armour
 q - 2 scrolls of magic mapping
 t - 5 scrolls of remove curse {@r2}
 u - 3 scrolls of fog
 B - a scroll of acquirement {unknown}
Potions
 d - 2 potions of magic
 e - 6 potions of attraction {!q}
 i - 5 potions of curing {@q1}
 l - 2 potions of invisibility
 m - 2 potions of mutation {!q}
 r - a potion of ambrosia
 v - a potion of haste {@q3}
 w - a potion of brilliance
 x - 2 potions of resistance
 z - a potion of cancellation
 D - 2 potions of lignification {!q}
 H - 3 potions of might
 K - 2 potions of flight
Miscellaneous
 I - a box of beasts

Dungeon Overview and Level Annotations

Branches:
Dungeon (11/15)            Temple (1/1) D:6            Lair (0/6) D:10
    Orc: D:9-12

Altars:
Ashenzari
Cheibriados
Dithmenos
Elyvilon
Fedhas
Gozag
Hepliaklqana
Kikubaaqudgha
Makhleb
Nemelex Xobeh
Okawaru
Qazlal
Ru
Sif Muna
Trog
Uskayaw
Vehumet
Wu Jian
Xom
Yredelemnul
Zin
The Shining One

Shops:
D:8 (

Annotations:
D:3 2 transporters, Tarl's ghost, amateur DsNe

#.#####.#
#..#####...####
#......># #..# ##.##
#..###### #..# ####.#
#..########..# #....#
#......^.....# #.##.#
#####
##.#########.#▒▒'▒▒▒▒
▒.... #.# #.#▒...▒
▒.### #.# #.#▒...▒
▒.# #.# #.#▒.@.▒ ▒.#
#.# #.#▒..(▒ ▒.# #.#
#..▒▒..▒ ▒.#
#.#########..#▒..▒
▒.###
#............#▒..▒
▒..[.
###########.##▒▒.c.†▒
▒.... #.# ▒.▒...▒
▒.... #.# ▒▒▒▒)▒▒
▒.... #.# ... ▒....


You could see a yaktaur captain.


Message History

The centaur warrior skeleton is almost destroyed.
The foxfire hits the centaur warrior skeleton!
You destroy the centaur warrior skeleton!
Vehumet accepts your kill.
You start resting.
HP restored.
A yaktaur captain comes into view.
Casting: Foxfire (safe; 1% risk of failure)
Confirm with . or Enter, or press ? or * to list all spells.
Aiming: Fireball (dangerous; 1% risk of failure)
Press: ? - help, Shift-Dir - straight line, f - yaktaur captain
Aim: a yaktaur captain, quivering 24 bolts (wandering, hasn't noticed you)
The fireball explodes!
The fireball engulfs the yaktaur captain.
The yaktaur captain is lightly wounded.
The yaktaur captain shouts!
Casting: Fireball (dangerous; 1% risk of failure)
Confirm with . or Enter, or press ? or * to list all spells.
Aiming: Fireball (dangerous; 1% risk of failure)
Press: ? - help, Shift-Dir - straight line, f/p - yaktaur captain
Aim: a yaktaur captain, quivering 24 bolts (lightly wounded)
The fireball explodes!
The fireball engulfs the yaktaur captain!!
The yaktaur captain is heavily wounded.
The yaktaur captain wields a +0 arbalest.
The yaktaur captain shoots a bolt.
The bolt hits you!!!
Ouch! That really hurt!
* * * LOW HITPOINT WARNING * * *
The yaktaur captain shoots a bolt.
The bolt hits you!!
You die...

Skill      XL: |  1  2  3  4  5  6  7  8  9 10 11 |
---------------+----------------------------------+-----
Dodging        | 3 4 5 6 8 9 |  9.9
Fire Magic     | 4 5 6 7 8 10 11 | 11.5
Conjurations   | 2 3 4 5 7 8 |  8.8
Spellcasting   | 4 5 6 7 8 9 10 | 10.8
Fighting       | 1 3 4 5 |  5.3
Shields        | 3 4 5 |  5.1
Stealth        | |  2.4

Action                   |  1- 3 |  4- 6 |  7- 9 | 10-12 || total
-------------------------+-------+-------+-------+-------++-------
Melee: Dagger            |       |     1 |     9 |     1 ||    11
 Cast: Foxfire           |    62 |   161 |   328 |   125 ||   676
       Fireball          |       |       |    31 |   107 ||   138
       Conjure Flame     |       |       |       |     3 ||     3
Evoke: Wand              |       |       |       |     2 ||     2
  Use: Scroll            |       |       |    16 |    15 ||    31
       Potion            |       |       |     4 |     3 ||     7
 Stab: Sleeping          |       |       |     2 |       ||     2
Armor: Robe              |     3 |     4 |    31 |     2 ||    40
       Steam dragon scal |       |       |       |    19 ||    19
Dodge: Dodged            |    11 |    25 |   158 |    58 ||   252
Block: Buckler           |       |       |     4 |    14 ||    18

Levels and vault maps discovered:
D:1:      wander_arrival_lonely_grave, layout_loops_cross,
          hangedman_abyss_or_decor_stabs
D:2:      layout_loops_cross, uniq_robin, uniq_natasha, uniq_crazy_yiuf_cottage
D:3:      layout_rooms, gammafunk_ghost_smash, uniq_grinder, uniq_terence
D:4:      layout_basic, ashenzari_conservatory_becter, grunt_decor_arrowhead,
          minivault_25, uniq_duvessa
D:5:      layout_cave_pools
D:6:      layout_loops_ring, nicolae_overflow_crystal_walls,
          chequers_temple_overflow_statue_of_worship,
          minmay_temple_entry_drinking_statues
D:7:      layout_rooms, basic_altar, minmay_crystal_water, minmay_holes,
          uniq_menkaure, uniq_prince_ribbit1
D:8:      minmay_angry_zag, layout_basic, serial_shops, kennysheep_mini_moat,
          uniq_maurice, uniq_gastronok, uniq_joseph
D:9:      layout_basic, serial_curves, eino_curves_02, eino_curves_02,
          uniq_maggie
D:10:     layout_basic, erik_lair_orcish_takeover
D:11:     minmay_sliced_demisemicircle, layout_loops_ring, orc_0_dummy
Temple:   regret_index_temple_mists

Notes
Turn   | Place    | Note
-------+----------+-------------------------------------------
     0 | D:1      | xzight the Deep Elf Fire Elementalist began the quest for
                  | the Orb.
     0 | D:1      | Reached XP level 1. HP: 10/10 MP: 6/6
   170 | D:1      | Reached XP level 2. HP: 13/15 MP: 0/8
  1059 | D:2      | Reached XP level 3. HP: 19/19 MP: 4/9
  1206 | D:2      | Reached skill level 3 in Dodging
  1206 | D:2      | Reached skill level 4 in Fire Magic
  1412 | D:2      | Learned a level 3 spell: Conjure Flame
  1416 | D:2      | Learned a level 3 spell: Inner Flame
  1427 | D:2      | Reached skill level 2 in Conjurations
  1510 | D:2      | Found a runed translucent door.
  1511 | D:2      | Noticed Crazy Yiuf
  1633 | D:2      | Noticed Robin
  1641 | D:2      | Reached XP level 4. HP: 24/24 MP: 7/11
  1846 | D:2      | Killed Robin
  2303 | D:2      | Noticed Natasha
  2319 | D:2      | Killed Natasha
  2320 | D:2      | Reached skill level 4 in Spellcasting
  2492 | D:2      | Killed Crazy Yiuf
  2493 | D:2      | Reached XP level 5. HP: 28/28 MP: 7/13
  2551 | D:2      | Learned a level 5 spell: Fireball
  2668 | D:3      | Noticed Grinder
  2672 | D:3      | Paralysed by Grinder for 7 turns
  2681 | D:3      | Killed Grinder
  2682 | D:3      | Reached skill level 4 in Dodging
  2682 | D:3      | Reached skill level 3 in Conjurations
  2682 | D:3      | Reached skill level 5 in Fire Magic
  2682 | D:3      | Reached XP level 6. HP: 31/32 MP: 0/15
  3027 | D:3      | Found a transporter.
  3028 | D:3      | Noticed Tarl's ghost (amateur DsNe)
  3078 | D:3      | Identified the +4 dire flail of Infection {drain, rC+ SInv}
  3104 | D:3      | Found a transporter.
  3149 | D:3      | Noticed Terence
  3156 | D:3      | Killed Terence
  3472 | D:3      | Reached skill level 5 in Spellcasting
  3472 | D:3      | Reached skill level 6 in Fire Magic
  3608 | D:3      | Reached XP level 7. HP: 11/36 MP: 4/16
  4189 | D:4      | Reached skill level 4 in Conjurations
  4260 | D:4      | Noticed Duvessa
  4263 | D:4      | Noticed Dowan
  4282 | D:4      | Killed Dowan
  4283 | D:4      | Reached skill level 5 in Dodging
  4283 | D:4      | Killed Duvessa
  4513 | D:4      | Reached skill level 6 in Spellcasting
  4513 | D:4      | Reached skill level 7 in Fire Magic
  4878 | D:4      | Reached XP level 8. HP: 39/39 MP: 15/19
  5341 | D:4      | Found a broken altar of Ashenzari.
  5341 | D:4      | Identified the +7 chain mail of Claustrophobia {+Blink rC-
                  | rCorr}
  5461 | D:5      | Entered Level 5 of the Dungeon
  5723 | D:5      | Reached skill level 5 in Conjurations
  5824 | D:5      | Reached skill level 6 in Dodging
  5970 | D:5      | Reached skill level 8 in Fire Magic
  6409 | D:5      | Upgraded the game from 0.26-a0-980-g0fe3eaa9ac to
                  | 0.26-a0-1002-g7355149c4d
  6421 | D:6      | Found a staircase to the Ecumenical Temple.
  6430 | Temple   | Entered the Ecumenical Temple
  6455 | Temple   | Became a worshipper of Vehumet
  6802 | D:6      | Reached skill level 7 in Spellcasting
  6804 | D:6      | Reached skill level 1 in Fighting
  6862 | D:6      | Found a glowing silver altar of Zin.
  6878 | D:6      | Found a hide-covered altar of Uskayaw.
  7113 | D:6      | Learned a level 4 spell: Sticky Flame
  7362 | D:6      | Found an ornate altar of the Wu Jian Council.
  7722 | D:7      | Reached XP level 9. HP: 39/45 MP: 16/21
  8484 | D:6      | Reached skill level 9 in Fire Magic
  8537 | D:7      | Noticed Menkaure
  8537 | D:7      | Noticed Prince Ribbit
  8640 | D:7      | Reached skill level 2 in Fighting
  8817 | D:6      | Found an ornate altar of the Wu Jian Council.
  8837 | D:6      | Found a staircase to the Ecumenical Temple.
  8988 | D:6      | Killed Prince Ribbit
  8989 | D:6      | Reached skill level 7 in Dodging
  8989 | D:6      | Reached skill level 6 in Conjurations
  9052 | D:6      | Found a glowing silver altar of Zin.
  9075 | D:6      | Found a hide-covered altar of Uskayaw.
  9712 | D:6      | Reached * piety under Vehumet
  9712 | D:6      | Offered knowledge of Shock by Vehumet.
  9898 | D:7      | Killed Menkaure
  9899 | D:7      | Reached skill level 8 in Spellcasting
  9975 | D:7      | Found a glowing silver altar of Zin.
 10127 | D:7      | Reached skill level 1 in Shields
 10495 | D:8      | Noticed Maurice
 10495 | D:8      | Noticed Gastronok
 10545 | D:8      | Reached skill level 2 in Shields
 10707 | D:8      | Found Weseraupn's Weapon Boutique.
 10749 | D:8      | Reached skill level 10 in Fire Magic
 10806 | D:8      | Killed Maurice
 11110 | D:8      | Killed Gastronok
 11111 | D:8      | Reached skill level 3 in Fighting
 11111 | D:8      | Reached skill level 8 in Dodging
 11111 | D:8      | Reached skill level 3 in Shields
 11111 | D:8      | Reached skill level 7 in Conjurations
 11111 | D:8      | Reached XP level 10. HP: 54/54 MP: 14/24
 11112 | D:8      | Reached skill level 9 in Spellcasting
 11532 | D:8      | Noticed Joseph
 11536 | D:8      | Killed Joseph
 11575 | D:8      | Offered knowledge of Searing Ray by Vehumet.
 11585 | D:8      | Learned a level 2 spell: Searing Ray
 12062 | D:9      | Noticed a deep elf mage
 12064 | D:9      | Killed a deep elf mage
 12071 | D:9      | Reached ** piety under Vehumet
 12317 | D:8      | Identified 2 potions of resistance
 12499 | D:9      | Reached skill level 4 in Fighting
 13411 | D:9      | Noticed Maggie
 13417 | D:9      | Killed Maggie
 13418 | D:9      | Reached skill level 4 in Shields
 13418 | D:9      | Reached XP level 11. HP: 59/59 MP: 20/26
 13632 | D:10     | Entered Level 10 of the Dungeon
 13900 | D:10     | Reached skill level 9 in Dodging
 14278 | D:10     | Offered knowledge of Stone Arrow by Vehumet.
 14279 | D:10     | Reached skill level 11 in Fire Magic
 14351 | D:10     | Reached skill level 10 in Spellcasting
 14351 | D:10     | Reached skill level 8 in Conjurations
 14517 | D:10     | Killed an unseen horror
 15144 | D:10     | Found a staircase to the Lair.
 15264 | D:10     | Learned a level 3 spell: Stone Arrow
 15273 | D:11     | Reached *** piety under Vehumet
 15462 | D:11     | Killed an unseen horror
 15777 | D:11     | Killed an unseen horror
 16099 | D:11     | Noticed a two-headed ogre
 16102 | D:11     | Killed a two-headed ogre
 16102 | D:11     | Offered knowledge of Static Discharge by Vehumet.
 16107 | D:11     | Learned a level 3 spell: Static Discharge
 16189 | D:11     | Noticed a purple ugly thing
 16190 | D:11     | Reached skill level 5 in Fighting
 16213 | D:11     | Killed a purple ugly thing
 16214 | D:11     | Reached skill level 5 in Shields
 16391 | D:11     | Killed an unseen horror
 16393 | D:11     | Noticed an orc knight
 16395 | D:11     | Killed an orc knight
 16470 | D:11     | Noticed a yaktaur captain
 16473 | D:11     | Shot with a bolt by a yaktaur captain

Vanquished Creatures
  Gastronok (D:8)
  A two-headed ogre (D:11)
  4 unseen horrors
  An orc knight (D:11)
  An ugly thing (D:11)
  A deep elf mage (D:9)
  A manticore (D:11)
  Maurice (D:8)
  Maggie (D:9)
  Joseph (D:8)
  2 trolls (D:10)
  Prince Ribbit (D:6)
  Grinder (D:3)
  A hornet (D:10)
  A steam dragon (D:10)
  Menkaure (D:7)
  2 wargs (D:10)
  2 water moccasins (D:9)
  Duvessa (D:4)
  6 orc warriors
  5 ice beasts
  3 sky beasts
  3 black bears
  3 phantoms
  6 ogres
  3 necrophages
  5 centaurs
  6 bullfrogs
  A water moccasin zombie (D:8)
  6 scorpions
  Dowan (D:4)
  5 killer bees (D:11)
  An electric eel (D:7)
  5 howler monkeys
  3 bullfrog zombies
  A quasit (D:6)
  6 hounds
  6 centaur skeletons
  A jelly (D:9)
  8 orc wizards
  6 orc priests
  Crazy Yiuf (D:2)
  3 bullfrog skeletons
  Natasha (D:2)
  Terence (D:3)
  2 iguanas
  8 worker ants
  A killer bee zombie (D:7)
  A hound zombie (D:8)
  2 worker ant zombies
  Robin (D:2)
  15 adders
  3 shadow imps
  3 white imps
  3 ufetubi
  3 adder skeletons
  4 worms
  A dart slug (D:1)
  4 leopard geckos
  33 orcs
  3 ball pythons
  5 giant cockroaches
  13 goblins
  5 hobgoblins
  3 jackals
  4 quokkas
  6 bats
  3 frilled lizards
  A giant cockroach zombie (D:5)
  A jackal zombie (D:5)
  12 kobolds
  8 rats
269 creatures vanquished.

Vanquished Creatures (others)
  950 foxfires
  A fungus (D:2)
951 creatures vanquished.

Grand Total: 1220 creatures vanquished

Table legend: (Time is in decaauts)
 A = Elapsed time spent in this place.
 B = Non-inter-level travel time spent in this place.
 C = Inter-level travel time spent in this place.
 D = Time resting spent in this place.
 E = Time spent auto-exploring this place.
 F = Levels seen in this place.
 G = Mean time per level.
                   A        B        C        D        E       F      G
               +--------+--------+--------+--------+--------+-----+--------+
         Total |  16543 |  15908 |    635 |   6611 |   6622 |  12 | 1378.6 |
       Dungeon |  16353 |  15747 |    606 |   6611 |   6467 |  11 | 1486.6 |
        Temple |    190 |    161 |     29 |      0 |    154 |   1 |  190.0 |
               +--------+--------+--------+--------+--------+-----+--------+

Top non-repeatable levels by time:
     D:6: 2735 daAuts
     D:8: 1787 daAuts
    D:10: 1746 daAuts
     D:4: 1634 daAuts
     D:3: 1365 daAuts
     D:5: 1362 daAuts
     D:1: 1344 daAuts
     D:9: 1336 daAuts
     D:2: 1239 daAuts
    D:11: 1103 daAuts
     D:7: 697 daAuts
  Temple: 190 daAuts

Table legend:
 A = Non-vault XP
 B = Vault XP
 C = Vault XP percentage of total XP
 D = Non-vault monster count
 E = Vault monster count
 F = Vault count percentage of total count
                 A         B        C        D         E       F
            +---------+---------+-------+---------+---------+-------
      Total |   12955 |    7756 |  37.4 |     233 |      36 |  13.4
            +---------+---------+-------+---------+---------+-------
        D:1 |      23 |       4 |  14.8 |      15 |       2 |  11.8
        D:2 |      91 |      96 |  51.3 |      25 |       7 |  21.9
        D:3 |     223 |     313 |  58.4 |      26 |       2 |   7.1
        D:4 |     652 |     211 |  24.4 |      19 |       2 |   9.5
        D:5 |     559 |       0 |   0.0 |      22 |       0 |   0.0
        D:6 |    1220 |     286 |  19.0 |      24 |       1 |   4.0
        D:7 |     535 |     165 |  23.6 |      16 |       1 |   5.9
        D:8 |    1241 |    3329 |  72.8 |      20 |       7 |  25.9
        D:9 |    2165 |     398 |  15.5 |      22 |       1 |   4.3
       D:10 |    2290 |     625 |  21.4 |      23 |       9 |  28.1
       D:11 |    3956 |    2329 |  37.1 |      21 |       4 |  16.0
            +---------+---------+-------+---------+---------+-------
